[Event "56th Ilmar Raud Memorial 2022"]
[Site "Viljandi"]
[Date "2022.07.07"]
[Round "6.1"]
[White "Laurusas, Tomas"]
[Black "Kulaots, Kaido"]
[Result "1/2-1/2"]
[ECO "D85"]
[WhiteElo "2561"]
[BlackElo "2543"]
[Annotator "TA"]
[PlyCount "27"]
[EventDate "2022.07.05"]
[EventType "swiss"]
[EventCountry "EST"]
[SourceTitle "playchess.com"]
[Source "ChessBase"]
[SourceQuality "1"]
[TimeControl "40/5400+30:900+30"]

1. d4 Nf6 2. c4 g6 3. Nc3 d5 4. Nf3 Bg7 5. cxd5 Nxd5 6. e4 Nxc3 7. bxc3 c5 8. Be3 Qa5 9. Nd2 {[%emt 0:00:05] D85: Exchange Grünfeld: Unusual White 7th moves and lines with 7 Nf3.} O-O {[%emt 0:00:36] 9...Nd7 is the recent fashion.} 10. Nb3 {[%emt 0:00:04] [#]} Qxc3+ $1 $146 {[%emt 0:00:11][%mdl 8] The position is equal. An important novelty.} ({Predecessor:} 10... Qc7 11. Nxc5 Nd7 12. Na4 a6 13. Rc1 b5 14. Nb2 Bb7 15. f3 Qa5 16. Qb3 e5 {0-1 (64) Grischuk,A (2776)-Nepomniachtchi,I (2792) chess24.com INT 2021}) 11. Bd2 Qb2 12. Bc1 Qc3+ 13. Bd2 Qb2 14. Bc1 {[%emt 0:00:04] An even fight not without its subleties.  Weighted Error Value: White=0.09 (flawless) /Black=0.00 (flawless)} 1/2-1/2

[Event "56th Ilmar Raud Memorial 2022"]
[Site "Viljandi"]
[Date "2022.07.07"]
[Round "6.2"]
[White "Maiorov, Nikita"]
[Black "Kiik, Kalle"]
[Result "1-0"]
[ECO "A40"]
[WhiteElo "2474"]
[BlackElo "2365"]
[Annotator "TA"]
[PlyCount "83"]
[EventDate "2022.07.05"]
[EventType "swiss"]
[EventCountry "EST"]
[SourceTitle "playchess.com"]
[Source "ChessBase"]
[SourceQuality "1"]
[TimeControl "40/5400+30:900+30"]

1. d4 e6 2. c4 Bb4+ 3. Bd2 a5 4. a3 Bxd2+ 5. Qxd2 Nf6 6. Nc3 {[%emt 0:00:22] A40: Unusual replies to 1 d4.} d6 7. Nf3 Nbd7 8. Rd1 {[%emt 0:04:13] White is slightly better.} O-O 9. g3 {[%emt 0:10:37] [#]} (9. e4 $5 ) 9... d5 $146 ({Predecessor:} 9... Qe7 10. Bg2 Nb6 11. Qd3 Bd7 12. O-O Na4 13. Rb1 Nxc3 14. bxc3 Rab8 15. e4 e5 {1-0 (42) Loos,R (2393)-Pranav,A (2105) Douglas 2017}) 10. Ne5 c6 11. Bg2 Nxe5 12. dxe5 Nd7 13. f4 Qb6 14. e3 Qc5 (14... Re8 $11 {remains equal.}) 15. cxd5 $16 exd5 16. e4 Re8 {[%emt 0:13:35] [#]} 17. Qf2 $1 ({Much weaker is} 17. exd5 $6 Nxe5 18. fxe5 Rxe5+ 19. Kf1 Rf5+ 20. Ke1 Re5+ 21. Kf1 Rf5+ 22. Ke1 Re5+ 23. Kf1 $11) 17... Qxf2+ 18. Kxf2 dxe4 19. Nxe4 {[%emt 0:00:09] Hoping for Nd6.} Nf8 20. Nd6 Re7 21. Rhe1 Be6 22. Re3 a4 23. Rd4 Rd7 24. Rb4 Ra7 25. Ree4 Bb3 26. Bh3 Rc7 27. Rb6 (27. Re3 $18) 27... Be6 28. Bxe6 Nxe6 29. Rc4 {[%emt 0:01:38] Against Nc5} g6 {[%emt 0:04:03] [#]} 30. g4 $1 Rd7 31. f5 Nd8 32. Rbb4 {[%emt 0:03:34] White is much more active. The black rooks are badly placed.} b5 (32... Kf8 $16) 33. Rc2 $18 Kf8 34. Rd4 Rac7 35. Ke3 Re7 36. Ne4 Red7 (36... Nb7 $142 37. Kf4 c5) 37. Rcd2 Rxd4 38. Rxd4 ({Weaker is} 38. Kxd4 Nb7 $16) 38... Nb7 39. Kf4 h6 40. h4 {[%emt 0:00:00] Against g5+} Ke7 41. f6+ Ke6 $2 {[%emt 0:08:39] [#]} (41... Ke8 $18 42. h5 gxh5) 42. Nc5+ $1 {[%emt 0:02:33][%mdl 512] Weighted Error Value: White=0.10 (very precise) /Black=0.38} 1-0

[Event "56th Ilmar Raud Memorial 2022"]
[Site "Viljandi"]
[Date "2022.07.07"]
[Round "6.3"]
[White "Pultinevicius, Paulius"]
[Black "Rychagov, Nikita"]
[Result "1-0"]
[ECO "D63"]
[WhiteElo "2539"]
[BlackElo "2076"]
[Annotator "TA"]
[PlyCount "113"]
[EventDate "2022.07.05"]
[EventType "swiss"]
[EventCountry "EST"]
[SourceTitle "playchess.com"]
[Source "ChessBase"]
[SourceQuality "1"]
[TimeControl "40/5400+30:900+30"]

1. d4 d5 2. c4 e6 3. Nc3 Nf6 4. Nf3 Be7 5. Bg5 h6 6. Bh4 O-O 7. e3 Nbd7 8. Rc1 c5 {[%emt 0:00:07] D63: Queen's Gambit Declined: Classical: 7 Rc1.} 9. dxc5 dxc4 10. c6 $1 {[%emt 0:00:05] 10.c6 is better than 10.Bxc4.} bxc6 {[%emt 0:00:03] The position is equal.} 11. Bxc4 Nb6 12. Qxd8 Rxd8 13. Be2 Bb7 14. O-O c5 {[%emt 0:06:08] [#]} 15. Ne5 $146 ({Predecessor:} 15. Rfd1 Kf8 16. Ne5 Rxd1+ 17. Rxd1 Nfd5 18. Bxe7+ Kxe7 19. Nxd5+ exd5 20. f4 Rc8 21. Kf2 Rc7 22. h4 Nd7 23. Nxd7 {½-½ (24) Korobov,A (2685)-Tomashevsky,E (2708) Yasnaya Polyana 2021}) 15... g5 16. Bg3 Rd2 17. Rfd1 Rad8 18. f3 {[%emt 0:02:58] Against Ne4} Rxd1+ 19. Rxd1 Rxd1+ 20. Nxd1 Nfd5 21. Bb5 Bf6 22. Kf1 h5 {[%emt 0:10:20] And now ...h4 would win.} 23. h3 a6 (23... h4 $5 24. Bh2 a6 $11) 24. Be2 a5 (24... h4 $5 25. Bh2 Be7 $11) 25. Nc4 Nxc4 26. Bxc4 Kf8 27. Be1 Bd8 28. Bd2 Ke7 {[%emt 0:08:25] White leaves nothing to chance now.} (28... g4 $14) 29. e4 $16 Nf4 (29... Nb6 $16 {is a better defense.}) 30. h4 $1 $18 f6 31. hxg5 fxg5 32. g3 Nh3 33. Nf2 {[%emt 0:12:30] Prevents g4.} Nxf2 34. Bxg5+ ({Not} 34. Kxf2 Kd6 $14) 34... Kd7 {[%emt 0:00:18] [#]} 35. Bb5+ $1 Kc8 36. Bxd8 Nxe4 37. fxe4 ({Don't do} 37. Bxa5 $6 Nxg3+ 38. Kf2 Nf5 $16) 37... Kxd8 {[%emt 0:00:04][%mdl 4096] Endgame KB-KB} 38. e5 Bf3 39. Kf2 Bd1 (39... Bd5 40. a3 Ke7) 40. Ke3 Ke7 {[%emt 0:00:00] [#]} (40... a4 $142 41. Kd2 Bf3 42. Bxa4 Ke7) 41. Kd3 $1 Kf7 42. Kc4 Kg6 43. Kxc5 {[%emt 0:00:31] Threatening mate with Bd7.} Kf5 44. Kd6 {[%emt 0:00:06] Intending Bd7 and mate.} Kg4 45. Kxe6 {[%emt 0:00:11] White mates.} Kxg3 46. Kd6 h4 47. e6 h3 48. e7 h2 49. Bc6 Bh5 50. Kd7 Kf4 51. e8=Q Bxe8+ 52. Kxe8 {[%emt 0:00:06] KB-KPP} Ke5 53. Kd7 Kd4 54. Kc7 Kc5 55. Kb7 a4 56. a3 Kc4 57. Kb6 {[%emt 0:00:06] Weighted Error Value: White=0.05 (flawless) /Black=0.40} 1-0

[Event "56th Ilmar Raud Memorial 2022"]
[Site "Viljandi"]
[Date "2022.07.07"]
[Round "6.4"]
[White "Miezis, Normunds"]
[Black "Haitin, Ilja"]
[Result "1/2-1/2"]
[ECO "B14"]
[WhiteElo "2446"]
[BlackElo "2363"]
[Annotator "TA"]
[PlyCount "79"]
[EventDate "2022.07.05"]
[EventType "swiss"]
[EventCountry "EST"]
[SourceTitle "playchess.com"]
[Source "ChessBase"]
[SourceQuality "1"]
[TimeControl "40/5400+30:900+30"]

1. c4 c6 2. e4 d5 3. cxd5 cxd5 4. exd5 Nf6 5. Nc3 Nxd5 6. Nf3 e6 7. d4 Bb4 {[%emt 0:00:05] 7...Nxc3 is becoming the main line.} 8. Bd2 Bd7 {[%emt 0:00:08] B14: Caro-Kann: Panov-Botvinnik Attack with 5...e6 and 5...g6.} 9. Bd3 Bc6 10. O-O Nd7 11. Re1 {[%emt 0:07:48] [#]} O-O $146 ({Predecessor:} 11... Be7 12. Rc1 O-O 13. Bb1 Rc8 14. Qe2 Nxc3 15. Rxc3 Bd5 16. Rxc8 Qxc8 17. Rc1 Qb8 {½-½ (40) Murzin,V (2502)-Artemiev,V (2704) Krasnaya Polyana 2021}) 12. Be4 Nxc3 (12... N7f6 {feels hotter.} 13. Nxd5 Nxd5 14. Ne5 Bxd2 15. Qxd2 Rc8) 13. bxc3 {[%emt 0:01:37][%cal Bb2c3,Bc3c4,Bc4c5][%mdl 32] [#] Bxc6 is the strong threat.} Bxe4 14. Rxe4 Be7 15. Qe2 a6 16. c4 Nf6 17. Rh4 b5 18. c5 $1 (18. cxb5 axb5 19. Qxb5 Qd5 20. Qxd5 Nxd5 $15) 18... b4 19. Ne5 (19. Bxb4 $2 Nd5 20. Rh3 Nxb4 $19) 19... Rc8 {[%emt 0:08:27] Inhibits Nc6.} 20. Qd3 (20. Bxb4 $2 Nd5 21. Rh3 Nxb4 $19) 20... g6 21. Rh3 (21. Bxb4 $2 Nd5 22. Rh3 Nxb4 $19) 21... a5 22. Bh6 Re8 23. Re1 (23. Rg3 $14 Bf8 24. Bg5) 23... Nd7 {[%emt 0:12:36] [#]} (23... Qd5 $11 {keeps the balance.}) 24. Bf4 {[%emt 0:05:38] 0x0.0022fcfd193edp-1022s more active pieces.} ({White should play} 24. Nc4 $1 $16) 24... Nxe5 $11 25. Bxe5 ({Reject} 25. Rxe5 Bf6 26. Qd2 (26. Re4 Qd5 $17) 26... Bxe5 27. Bxe5 f6 $17) 25... f6 26. Bf4 Qd5 27. g4 (27. Rhe3 $1 $11 {and White is okay.} e5 28. dxe5 Qxd3 29. Rxd3) 27... e5 ({Black should try} 27... Qxa2 $19 {[%cal Oe6e5] Strongly threatening ...e5!} 28. Rhe3 Bf8) 28. dxe5 $15 Qxd3 ({Much worse is} 28... Qxa2 29. Re2 Qe6 30. exf6 Qxg4+ 31. Rg3 Qxf4 32. fxe7 $11) 29. Rxd3 {[%emt 0:00:04] Black must now prevent exf6.} Bxc5 30. Kf1 fxe5 31. Bxe5 Rcd8 32. Rxd8 {[%emt 0:00:45] The position is equal.} Rxd8 $11 {[%emt 0:00:01][%mdl 4096] Endgame KRB-KRB} 33. Ke2 a4 34. f4 Kf7 35. Rc1 Be7 36. Rc7 Ke6 37. Rc6+ Kd5 38. Rc7 Ke6 39. Rc6+ Kd5 40. Rc7 {[%emt 0:02:36] Weighted Error Value: White=0.18 (very precise) /Black=0.13 (very precise)} 1/2-1/2

[Event "56th Ilmar Raud Memorial 2022"]
[Site "Viljandi"]
[Date "2022.07.07"]
[Round "6.5"]
[White "Sakalauskas, Vaidas"]
[Black "Cruz Lledo, Pablo"]
[Result "1-0"]
[ECO "E14"]
[WhiteElo "2327"]
[BlackElo "2433"]
[Annotator "TA"]
[PlyCount "73"]
[EventDate "2022.07.05"]
[EventType "swiss"]
[EventCountry "EST"]
[SourceTitle "playchess.com"]
[Source "ChessBase"]
[SourceQuality "1"]
[TimeControl "40/5400+30:900+30"]

1. d4 d5 2. c4 e6 3. Nc3 Be7 4. Nf3 Nf6 5. e3 O-O 6. b3 b6 7. Bb2 Bb7 8. Bd3 c5 9. dxc5 bxc5 10. O-O Nc6 11. cxd5 exd5 12. Rc1 {[%emt 0:01:01] E14: Queen's Indian: Classical Variation (4 e3).} d4 13. exd4 Nxd4 {[%emt 0:00:41] [#]} 14. Nd2 $146 (14. Nxd4 $14 cxd4 15. Nb5) ({Predecessor:} 14. Nxd4 Qxd4 15. Bc4 Qh4 16. Qe1 Bxg2 17. Kxg2 Qg4+ 18. Kh1 Qf3+ 19. Kg1 Qg4+ 20. Kh1 Qf3+ 21. Kg1 Qg4+ 22. Kh1 Qf3+ {½-½ (22) Stefansson,V (2501)-Mai,A (2177) Selfoss 2022}) 14... Ne6 ({Black should play} 14... Bd6 $15) 15. Bb1 Qd4 {[%emt 0:20:54] White must now prevent ...Rad8.} 16. Qc2 (16. Nc4 $11) 16... Qh4 $1 $15 17. Nce4 {[%emt 0:00:51] Against Bd6} (17. Nf3 $2 Bxf3 18. Ne2 Bb7 $19) 17... Nf4 (17... Ng4 18. Nf3 Qh6 19. h3 $14) 18. Bxf6 Bxf6 (18... gxf6 19. Rfe1 $14 (19. Nf3 Qh5 $11)) 19. Nf3 Qh6 {[%emt 0:04:15] aiming for ...Bd4.} 20. Rfe1 (20. Nxf6+ $2 gxf6 21. Qf5 Ne2+ 22. Kh1 Nxc1 $19) (20. Rcd1 $15) 20... Rfe8 (20... Rad8 $17 {Hoping for ...Bd4.} 21. Rcd1 (21. Qxc5 $2 Rc8 $19) (21. Nxf6+ $2 gxf6 22. Re3 Bxf3 $19) 21... Bd4) 21. Rcd1 $11 {[%emt 0:04:07] Inhibits Bd4.} (21. Qxc5 $2 Rec8 22. Qb4 (22. Nxf6+ $2 gxf6 23. Qxc8+ Rxc8 $19) 22... Rxc1 23. Qxb7 Rd8 $1 $19) (21. Nxf6+ gxf6 22. Rxe8+ Rxe8 $17) 21... Be7 22. Re3 Bf8 (22... Red8 $11) 23. Rde1 (23. Nxc5 Nh3+ $1 24. Kf1 (24. Kh1 $2 Rxe3 25. Nxb7 Rc3 $19) 24... Bxf3 25. Rxf3 Ng5 $17) (23. Neg5 $1 $16 Bxf3 24. Rxf3 (24. Qxh7+ Qxh7 25. Bxh7+ Kh8 $16) 24... Ne2+ 25. Kh1) 23... Re6 (23... Qg6 $2 {[#]} 24. Nf6+ $1 gxf6 25. Qxg6+ fxg6 26. Rxe8 $18) (23... Nd5 $11 {keeps the balance.} 24. R3e2 Ba6) 24. Neg5 $16 {[%emt 0:01:17] Pair of Knights!} (24. Nxc5 $2 Bxc5 25. Qxc5 Bxf3 26. Rxe6 Nxe6 $19) 24... Rg6 {[%emt 0:00:53] This move loses the game for Black.} (24... Bxf3 $16 25. Qxh7+ (25. Nxf3 Rd8 $14) (25. Nxe6 Nxg2 26. Ng5 Nxe1 $11) 25... Qxh7 26. Bxh7+ Kh8) 25. Qf5 $18 Bxf3 26. Qxf7+ ({Worse is} 26. Rxf3 Qxg5 27. Qxg5 Rxg5 $11) 26... Kh8 27. Qxf4 $40 {[%emt 0:03:01][%mdl 128] Nf7+ would kill now. Black is in trouble. Dancing on a razor blade.} Bd5 (27... Rxg5 {is more resistant.} 28. Qxf3 Rd8) 28. Bxg6 Qxg6 29. Ne4 {[%emt 0:01:22] Inhibits Bd6.} Be7 $2 (29... c4 30. Qe5 Bg8 31. bxc4 Bxc4) 30. Rg3 Qe6 31. Qg4 Qe5 (31... Qxg4 $142 32. Rxg4 Bg8) 32. Rge3 Qd4 33. Rd1 Be6 34. Qe2 Qb4 35. Ng3 Bg4 36. f3 Bg5 37. Re8+ {[%emt 0:00:07] Weighted Error Value: White=0.50/Black=0.66} 1-0

[Event "56th Ilmar Raud Memorial 2022"]
[Site "Viljandi"]
[Date "2022.07.07"]
[Round "6.6"]
[White "Krivenko, Dion"]
[Black "Kanep, Meelis"]
[Result "0-1"]
[ECO "B06"]
[WhiteElo "2090"]
[BlackElo "2417"]
[Annotator "TA"]
[PlyCount "81"]
[EventDate "2022.07.05"]
[EventType "swiss"]
[EventCountry "EST"]
[SourceTitle "playchess.com"]
[Source "ChessBase"]
[SourceQuality "1"]
[TimeControl "40/5400+30:900+30"]

1. e4 g6 2. d4 Bg7 3. Nc3 d6 4. Bg5 a6 5. f4 Nd7 6. Be2 {[%emt 0:03:05] B06: Modern Defence.} c5 7. Nf3 cxd4 8. Nxd4 {[%emt 0:00:20] The position is equal.} Ngf6 9. Qd2 {[%emt 0:02:17] [#]} Nc5 $146 ({Predecessor:} 9... O-O 10. Nb3 b5 11. Bf3 Rb8 12. O-O Bb7 13. Rfe1 b4 14. Nd1 Qb6+ 15. Kh1 e5 16. a3 bxa3 17. Rxa3 Rfc8 18. Nc3 h6 19. Bh4 exf4 20. Bf2 Qc7 21. Qxf4 Ne5 {½-½ (21) Schneider,B (2254)-Fritsch,R (2242) Germany 2009}) 10. Bf3 h6 11. Bxf6 (11. Bh4 {keeps more tension.} e5 12. fxe5 dxe5 13. Nb3) 11... Bxf6 12. O-O-O e5 $1 13. Nde2 exf4 14. Nxf4 O-O 15. Kb1 ({Avoid the trap} 15. Qxd6 $2 Qxd6 16. Rxd6 Be5 17. Nxg6 Bxd6 $19) (15. g4 {feels hotter.} Be6 16. Kb1 Qb6 17. b3) 15... Be5 16. Nd3 Nxd3 17. cxd3 Bg7 (17... Be6 {is interesting.} 18. Ne2 Rc8 19. Rhe1 Re8) 18. Nd5 Be6 19. Nf4 Bd7 20. h4 a5 21. d4 Bc6 22. Ne2 Re8 23. Ng3 {[%emt 0:01:44] White is on the road to losing.} (23. Qd3 $15) 23... Ba4 24. b3 Bc6 {[%emt 0:01:28] Hoping for ...h5.} 25. h5 {[%emt 0:03:30] [#]} g5 26. Qd3 (26. Nf5 $17) 26... a4 $19 {[%emt 0:00:45] And now ...axb3 would win.} 27. Nf5 (27. b4 $142) 27... axb3 28. axb3 $2 (28. Qxb3 Ba4 29. Qc3) 28... Qa5 {[%emt 0:00:59] Black is clearly winning.} 29. Kb2 {[%emt 0:03:26] Prevents Qa1+.} Qa2+ 30. Kc1 {[%emt 0:02:17] [#]} Bxe4 $1 31. Bxe4 Rac8+ 32. Qc2 Rxc2+ 33. Bxc2 Qa3+ 34. Kd2 Qa5+ 35. Kc1 Re2 {[%emt 0:00:46] ( -> ...Qa1+)} 36. Kb1 {[%emt 0:03:03] [#] Prevents Qa1+.} Rxc2 $1 37. Ne7+ Kf8 38. Ng6+ fxg6 39. Rhf1+ Kg8 40. Kxc2 gxh5 41. Rf8+ {[%emt 0:00:22] Weighted Error Value: White=0.60/Black=0.16 (very precise)} 0-1

[Event "56th Ilmar Raud Memorial 2022"]
[Site "Viljandi"]
[Date "2022.07.08"]
[Round "7.1"]
[White "Pultinevicius, Paulius"]
[Black "Laurusas, Tomas"]
[Result "1/2-1/2"]
[ECO "B14"]
[WhiteElo "2539"]
[BlackElo "2561"]
[Annotator "TA"]
[PlyCount "83"]
[EventDate "2022.07.05"]
[EventType "swiss"]
[EventCountry "EST"]
[SourceTitle "playchess.com"]
[Source "ChessBase"]
[SourceQuality "1"]
[TimeControl "40/5400+30:900+30"]

1. c4 c6 2. e4 d5 3. exd5 cxd5 4. d4 Nf6 5. Nc3 e6 6. Nf3 Bb4 $1 {[%emt 0:00:07] The main line 6...Bb4 scores better than 6...Be7.} 7. cxd5 Nxd5 8. Bd2 Bd7 {[%emt 0:00:04] [#] B14: Caro-Kann: Panov-Botvinnik Attack with 5...e6 and 5...g6.} 9. a3 $146 ({Predecessor:} 9. Bd3 Bc6 10. O-O Nd7 11. Re1 Be7 12. Rc1 O-O 13. Bb1 Rc8 14. Qe2 Nxc3 15. Rxc3 Bd5 16. Rxc8 Qxc8 {½-½ (40) Murzin,V (2502)-Artemiev,V (2704) Krasnaya Polyana 2021}) 9... Nxc3 10. bxc3 Bd6 {[%emt 0:02:46] The position is equal.} 11. Bd3 Bc6 12. O-O Nd7 13. Re1 (13. c4 $5 ) 13... O-O 14. c4 Be7 15. Bf4 Bf6 16. Bd6 Re8 $1 17. Ne5 {[%emt 0:03:56][%cal Oe5f7] [#] Nxf7! is the strong threat.} Bxe5 18. dxe5 Qg5 {[%emt 0:01:06][%csl Gc6][%cal Rg5g2] Inhibits Qg4.} 19. g3 $36 {[%emt 0:00:47][%mdl 2048] White has some pressure.} b6 20. h4 Qh6 21. Bc2 Nc5 22. Qe2 Rac8 23. a4 f5 (23... Nb7 $11) 24. exf6 $1 $16 Qxf6 25. Ra3 {[%emt 0:02:00] Prevents Qf3.} ({Much worse is} 25. Qh5 $6 g6 26. Qe2 e5 27. Bxc5 bxc5 $11) ({White should play} 25. Bxc5 $16 bxc5 26. Be4) 25... Rcd8 (25... Nd7 $1 $11 {remains equal.}) 26. Bf4 {[%emt 0:02:34] This bishop pair is nice.} (26. Bxc5 $16 {And now Bb4 would win.} bxc5 27. Re3) 26... Qf7 $11 27. a5 Ba8 (27... e5 $11 {keeps the balance.} 28. Bxe5 Nd7) 28. axb6 $16 Qb7 {[%emt 0:00:20][%csl Ga8][%cal Rb7h1] [#]} 29. f3 {[%emt 0:00:05] Active counter play!} axb6 30. Re3 Rf8 31. Bb1 e5 32. Rxe5 {[%emt 0:10:31] Hoping for Re7.} Qxf3 33. Qxf3 Bxf3 34. R5e3 {[%emt 0:00:37] Against Nd3} Bc6 35. Re7 Nd3 36. Bxd3 Rxd3 37. R1e6 Rd7 ({Much less strong is} 37... Rd1+ 38. Kf2 Rd7 39. Rxd7 Bxd7 40. Rxb6 $16) 38. Rxd7 Bxd7 39. Rxb6 Rc8 40. Rb7 Bg4 41. Be5 g6 42. Rg7+ {[%emt 0:04:12] Weighted Error Value: White=0.12 (very precise) /Black=0.15 (very precise)} 1/2-1/2

[Event "56th Ilmar Raud Memorial 2022"]
[Site "Viljandi"]
[Date "2022.07.08"]
[Round "7.2"]
[White "Kulaots, Kaido"]
[Black "Medar, Marti"]
[Result "1-0"]
[ECO "B07"]
[WhiteElo "2543"]
[BlackElo "2066"]
[Annotator "TA"]
[PlyCount "79"]
[EventDate "2022.07.05"]
[EventType "swiss"]
[EventCountry "EST"]
[SourceTitle "playchess.com"]
[Source "ChessBase"]
[SourceQuality "1"]
[TimeControl "40/5400+30:900+30"]

1. e4 d6 2. d4 Nf6 3. Nc3 Nbd7 4. g4 h6 5. h3 e5 6. Nge2 {[%emt 0:00:29] B07: Pirc Defence: Miscellaneous Systems.} c6 7. Bg2 Be7 {[%emt 0:08:55] is the legacy move (7...b5).} 8. Ng3 {[%emt 0:06:38] White has an edge.} Nf8 9. Nf5 Bxf5 10. exf5 N8d7 {[%emt 0:04:24] [#]} 11. Be3 $146 ({White should try} 11. dxe5 dxe5 12. O-O) ({Predecessor:} 11. dxe5 dxe5 12. Qe2 Bb4 13. Bd2 Qe7 14. a3 Bxc3 15. Bxc3 Nd5 16. Bxd5 cxd5 17. O-O-O d4 18. Bb4 Qg5+ 19. Kb1 Nb6 20. Qxe5+ {1-0 (20) Guliyev,N (2549)-Manouck,T (2329) Paris 2011}) 11... Nb6 (11... d5 $142) 12. Qe2 Qc7 13. dxe5 dxe5 14. O-O-O Bb4 {[%emt 0:05:16] [#]} 15. Nb5 Qb8 16. a3 Be7 17. Nc3 {[%emt 0:00:11] h4 is the strong threat.} Qc7 18. h4 {[%emt 0:04:34] Threatens to win with g5.} Nfd7 19. g5 O-O-O 20. Qh5 Rdf8 21. Qg4 ({But not} 21. gxh6 $6 gxh6 22. Qe2 (22. Bxh6 Nf6 $17) 22... Kb8 $14) ({Better is} 21. f6 $16 gxf6 22. gxh6) 21... f6 (21... Kb8 $14) 22. gxh6 $16 gxh6 23. Qe2 {[%emt 0:00:33] 0x0.000863649c6fdp-1022s more active pieces. The black rooks are badly placed.} Rd8 24. Bf3 $36 {[%emt 0:01:03][%mdl 2048] Black is under strong pressure.} Kb8 25. Rhg1 Bf8 {[%emt 0:03:46] Against Rg7} 26. Bh5 Nc5 27. Rxd8+ Qxd8 28. Rd1 {[%emt 0:00:36] Inhibits Qd7.} Qc7 29. Qg4 Nc8 $2 {[%emt 0:06:28] Loses the game.} (29... Bd6 $16 {was necessary.} 30. Kb1 Qe7) 30. Qg6 $18 Be7 31. Qg7 Rd8 32. Qxh6 ({Don't do} 32. Bxh6 $6 Nd6 $16) 32... b5 33. Rxd8 Qxd8 34. Qg6 a5 35. Qe8 Qd6 (35... Kc7 36. Qxd8+ Kxd8) 36. Bf3 {[%emt 0:05:16] A strong pair of Bishops.} Kc7 37. h5 {[%emt 0:00:40] [#] aiming for h6.} b4 38. axb4 axb4 39. Ne4 Qd5 40. Nxc5 {[%emt 0:00:00] Weighted Error Value: White=0.21 (precise) /Black=0.54} 1-0

[Event "56th Ilmar Raud Memorial 2022"]
[Site "Viljandi"]
[Date "2022.07.08"]
[Round "7.3"]
[White "Seeman, Tarvo"]
[Black "Maiorov, Nikita"]
[Result "1/2-1/2"]
[ECO "A13"]
[WhiteElo "2410"]
[BlackElo "2474"]
[Annotator "RC"]
[PlyCount "38"]
[EventDate "2022.07.05"]
[EventType "swiss"]
[EventCountry "EST"]
[SourceTitle "playchess.com"]
[Source "ChessBase"]
[SourceQuality "1"]
[TimeControl "40/5400+30:900+30"]

1. c4 e6 2. g3 d5 3. Bg2 Nf6 4. Nf3 d4 5. O-O c5 6. e3 Nc6 7. exd4 cxd4 8. d3 Bd6 9. Re1 O-O 10. Na3 e5 11. c5 Bxc5 12. Nxe5 Nxe5 13. Rxe5 Bd6 14. Re1 Bb4 15. Bd2 Bg4 16. Qc1 Rc8 17. Nc4 Bxd2 18. Qxd2 Rc7 19. Qb4 Be6 1/2-1/2

[Event "56th Ilmar Raud Memorial 2022"]
[Site "Viljandi"]
[Date "2022.07.08"]
[Round "7.5"]
[White "Tobak, Mikhail"]
[Black "Miezis, Normunds"]
[Result "1/2-1/2"]
[ECO "B40"]
[WhiteElo "2307"]
[BlackElo "2446"]
[Annotator "RC"]
[PlyCount "116"]
[EventDate "2022.07.05"]
[EventType "swiss"]
[EventCountry "EST"]
[SourceTitle "playchess.com"]
[Source "ChessBase"]
[SourceQuality "1"]
[TimeControl "40/5400+30:900+30"]

1. e4 c5 2. Nf3 e6 3. d3 d5 4. Qe2 Nf6 5. g3 Nc6 6. e5 Nd7 7. Bg2 Qc7 8. Bf4 g6 9. O-O Bg7 10. Re1 a6 11. h4 h6 12. c4 dxc4 13. dxc4 g5 14. hxg5 hxg5 15. Bxg5 Ndxe5 16. Nc3 Nxf3+ 17. Qxf3 Nd4 18. Qd3 Kf8 19. Rad1 Bd7 20. Be7+ Kg8 21. b4 Bc6 22. Bxc5 Bxg2 23. Kxg2 Qc6+ 24. Qe4 Nc2 25. Re2 Na3 26. Qxc6 bxc6 27. Na4 Nxc4 28. Re4 Ne5 29. Nb6 Re8 30. Nc4 Nxc4 31. Rxc4 Rh5 32. Rd6 Rc8 33. Rd7 Ra8 34. Rf4 Rf5 35. Rxf5 exf5 36. Rc7 a5 37. a3 Bb2 38. bxa5 Rxa5 39. Rc8+ Kh7 40. Rxc6 Bxa3 41. Bxa3 Rxa3 42. Rf6 Kg7 43. Rxf5 Kg6 44. g4 Rb3 45. Ra5 Rc3 46. Re5 f6 47. Rd5 Ra3 48. f4 Rb3 49. Kf2 Ra3 50. Rd7 Rb3 51. Re7 Ra3 52. Re3 Ra1 53. Kf3 Rf1+ 54. Kg3 Rg1+ 55. Kh4 f5 56. Re6+ Kf7 57. gxf5 Rg2 58. Kh5 Rg1 1/2-1/2

[Event "56th Ilmar Raud Memorial 2022"]
[Site "Viljandi"]
[Date "2022.07.08"]
[Round "7.6"]
[White "Sirosh, Ilja"]
[Black "Sinitsina, Anastassia"]
[Result "1-0"]
[ECO "C77"]
[WhiteElo "2402"]
[BlackElo "2175"]
[Annotator "RC"]
[PlyCount "79"]
[EventDate "2022.07.05"]
[EventType "swiss"]
[EventCountry "EST"]
[SourceTitle "playchess.com"]
[Source "ChessBase"]
[SourceQuality "1"]
[TimeControl "40/5400+30:900+30"]

1. e4 e5 2. Nf3 Nc6 3. Bb5 a6 4. Ba4 Nf6 5. d3 b5 6. Bb3 Bc5 7. Bg5 d6 8. c3 h6 9. Bh4 Qe7 10. Nbd2 Bd7 11. O-O g5 12. Bg3 O-O 13. Re1 Bb6 14. d4 Rae8 15. Nf1 Qd8 16. dxe5 Nxe5 17. Bxe5 dxe5 18. Ng3 Qe7 19. Qe2 Qc5 20. Rad1 Bc8 21. Rf1 Rd8 22. h3 a5 23. a3 c6 24. Nh2 Be6 25. Rxd8 Bxd8 26. Bxe6 fxe6 27. Nh5 Ne8 28. Qd3 Qd6 29. Rd1 Be7 30. Ng4 Kh7 31. Qxd6 Nxd6 32. Nxe5 Rc8 33. f3 a4 34. Kf2 Rc7 35. Ke2 Nb7 36. Nxc6 Kg6 37. g4 Bc5 38. Ne5+ Kh7 39. Nf6+ Kh8 40. Ng6+ 1-0